 Dungeon Crawl Stone Soup version 0.17-a0-915-g8914353 (webtiles) character file.

99059 drasked the Gelid (level 15, -1/72 HPs)
             Began as a Deep Elf Ice Elementalist on May 3, 2015.
             Was the Champion of Vehumet.
             Shot with a bolt by a yaktaur (19 damage)
             ... on level 15 of the Dungeon on May 5, 2015.
             The game lasted 03:40:19 (39032 turns).

drasked the Gelid (Deep Elf Ice Elementalist)      Turns: 39032, Time: 03:40:19

Health: -1/72      AC: 21    Str: 12    XL:     15   Next: 76%
Magic:  14/50      EV: 13    Int: 36    God:    Vehumet [******]
Gold:   2594       SH: 11    Dex: 15    Spells: 8 memorised, 1 level left

rFire  . . .     SeeInvis +     L - +7 rapier of Qazlal's Approval {speed, Str+7 Int+5}
rCold  . . .     Clarity  .     v - +2 robe {rN+}
rNeg   + . .     SustAb   .     (no shield)
rPois  +         Gourm    .     o - +0 helmet
rElec  .         Spirit   .     y - +0 cloak of Geofaj {rPois MP+9 Int+4}
rCorr  .         Warding  .     x - +2 pair of gloves
rMut   .         Stasis   .     (no boots)
MR     +....                    (no amulet)
Stlth  ++........               s - ring of see invisible {sInv, !d}
                                O - ring of magical power {MP+9}

@: icy armour, icy shield, very slightly contaminated, hasted, very quick,
somewhat resistant to hostile enchantments, unstealthy
A: no striking features
a: Renounce Religion


You were on level 15 of the Dungeon.
You worshipped Vehumet.
Vehumet was exalted by your worship.
You were hungry.

You visited 4 branches of the dungeon, and saw 27 of its levels.
You also visited: Volcano.

You collected 2594 gold pieces.

Inventory:

Hand weapons
 D - a +1 whip of venom
   (You took it off a kobold on level 7 of the Dungeon)
 K - a +0 dagger of protection
   (You took it off a kobold on level 8 of the Dungeon)
 L - the +7 rapier of Qazlal's Approval (weapon) {speed, Str+7 Int+5}
   (You found it on level 1 of the Lair of Beasts)

   Attacks with this weapon are significantly faster.
   It affects your strength (+7).
   It affects your intelligence (+5).
Missiles
 G - 11 curare-tipped needles
Armour
 o - a +0 helmet (worn)
   (You found it on level 2 of the Dungeon)
 v - a +2 robe of positive energy (worn)
   (You took it off Josephine on level 4 of the Lair of Beasts)
 x - a +2 pair of gloves (worn)
   (You found it on level 1 of the Lair of Beasts)
 y - the +0 cloak of Geofaj (worn) {rPois MP+9 Int+4}
   (You found it on level 4 of the Dungeon)

   It affects your intelligence (+4).
   It protects you from poison.
   It affects your magic capacity (+9).
Jewellery
 a - an uncursed ring of magical power {MP+9}
   (You found it on level 6 of the Lair of Beasts)
 e - an uncursed ring of ice {rC+, rF-}
   (You found it on level 5 of the Dungeon)
 s - a ring of see invisible (right hand) {sInv, !d}
   (You found it on level 2 of the Dungeon)
 A - an uncursed ring of ice {rC+, rF-}
   (You took it off Fannar on level 3 of the Lair of Beasts)
 O - a ring of magical power (left hand) {MP+9}
   (You found it on level 8 of the Dungeon)
 W - a cursed amulet of inaccuracy {unknown}
   (You found it on level 15 of the Dungeon)
Magical devices
 q - a wand of teleportation (4)
   (You found it on level 2 of the Dungeon)
 E - a wand of fire (6)
   (You found it on level 1 of the Lair of Beasts)
 M - a wand of frost (19)
   (You found it on level 13 of the Dungeon)
 U - a wand of fireball (12)
   (You found it on level 14 of the Dungeon)
 V - a wand of frost (34)
   (You found it on level 15 of the Dungeon)
Scrolls
 d - 4 scrolls of amnesia
 g - 10 scrolls of remove curse
 h - 11 scrolls of identify
 i - 2 scrolls of fog
 j - a scroll of blinking {!r}
 k - 4 scrolls of teleportation
 l - a scroll of brand weapon
 t - 2 scrolls of magic mapping {!r}
 J - 5 scrolls of enchant weapon
 N - a scroll of torment {unknown}
 R - 6 scrolls of recharging
 T - a scroll of enchant armour
 X - a scroll of acquirement {unknown}
Potions
 f - 2 potions of berserk rage {!q}
 m - 5 potions of heal wounds
 n - a potion of resistance
 p - 2 potions of cancellation
 r - 2 potions of cure mutation {!q}
 w - 6 potions of agility
 B - 2 potions of brilliance
 C - 9 potions of curing
 I - 2 potions of flight
 P - a potion of haste
Books
 b - a book of Callings
   (You found it on level 12 of the Dungeon)
 z - a book of Burglary
   (You found it on level 15 of the Dungeon)
 H - a book of Envenomations {@w0}
   (You found it on level 12 of the Dungeon)
Miscellaneous
 u - a crystal ball of energy
   (You found it on level 12 of the Dungeon)
Comestibles
 c - 11 bread rations {@e1}
 F - 6 meat rations {@e2}
 Q - 27 fruits


   Skills:
 - Level 10.0 Dodging
 - Level 2.4 Stealth
 - Level 11.8 Spellcasting
 - Level 12.6 Conjurations
 - Level 15.1 Charms
 - Level 18.0 Ice Magic
 + Level 12.4 Evocations


You had one spell level left.
You knew the following spells:

 Your Spells              Type           Power        Failure   Level  Hunger
a - Freeze                Ice            ####         0%          1    None
b - Bolt of Cold          Conj/Ice       #######...   1%          6    ####...
c - Freezing Cloud        Conj/Ice/Air   #######...   1%          6    ####...
d - Deflect Missiles      Chrm/Air       ######....   14%         6    ####...
h - Haste                 Chrm           #######.     1%          6    ####...
s - Condensation Shield   Ice            ########..   0%          4    None
x - Throw Icicle          Conj/Ice       #######.     1%          4    None
A - Ozocubu's Armour      Chrm/Ice       #######.     0%          3    None


Dungeon Overview and Level Annotations

Branches:
Dungeon (15/15)            Temple (1/1) D:7            Lair (8/8) D:8
 Shoals (0/4) Lair:5       Spider (0/4) Lair:6        Slime (0/6) Lair:6
    Orc (3/4) D:11         Vaults (0/5) D:14
    Elf: Orc:3-4     Depths: D:15

Altars:
Ashenzari
Cheibriados
Dithmenos
Elyvilon
Fedhas
Gozag
Kikubaaqudgha
Makhleb
Nemelex Xobeh
Okawaru
Qazlal
Ru
Sif Muna
Trog
Vehumet
Xom
Yredelemnul
Zin
The Shining One
Jiyva
Lugonu

Shops:
D:14 [**?

Annotations:
D:3 drasked's ghost, average DEIE
Lair:4 exclusion: Rupert, Rupert


Message History

You feel your power returning.
You now have 47/50 mp.
You see here a long sword.
Aim: a harpy skeleton The shard of ice hits the harpy skeleton.
The harpy skeleton partially resists.
You now have 43/50 mp.
Aim: a harpy skeleton The shard of ice hits the harpy skeleton.
The harpy skeleton partially resists.
The harpy skeleton barely misses you. The harpy skeleton closely misses you.
The harpy skeleton barely misses you. The harpy skeleton claws you.
You take 4 damage, and have 49/72 hp.
You now have 39/50 mp.
Aim: a harpy skeleton The shard of ice hits the harpy skeleton.
The harpy skeleton partially resists.
You destroy the harpy skeleton!
Vehumet accepts your kill.
You feel your power returning.
Your extra speed is starting to run out.
You now have 38/50 mp.
You start resting.
You are feeling hungry.
You start resting.
You feel yourself slow down.
You start resting.
A salamander stormcaller comes into view.
It is wielding an enchanted trident.
You regained 2 mp, and now have 41/50 mp.
A salamander stormcaller is nearby!
The salamander stormcaller begins to chant a fire storm spell!
You can't see any susceptible monsters within range! (Use Z to cast anyway.)
Aim: a salamander stormcaller, wielding an enchanted trident (chanting fire storm)
The shard of ice hits the salamander stormcaller.
The salamander stormcaller is frozen!
You now have 38/50 mp.
Aim: a salamander stormcaller, wielding an enchanted trident (heavily wounded, chanting fire storm)
The shard of ice hits the salamander stormcaller.
The salamander stormcaller is frozen!
You kill the salamander stormcaller!
Vehumet accepts your kill.
You feel your power returning.
A giant frog comes into view.
There is an open door here.
Things that are here:
an enchanted trident; a salamander corpse
Aim: a yaktaur, wielding an arbalest (hasn't noticed you)
The shard of ice hits the yaktaur.
The yaktaur shouts!
The giant frog gives a loud, deep croak!
The yaktaur shouts!
The yaktaur shoots a bolt.
The bolt hits you!!
You take 23 damage, and have 30/72 hp.
MASSIVE DAMAGE!!
You now have 37/50 mp.
You feel yourself speed up.
You now have 32/50 mp.
Unknown command.
A film of ice covers your body!
You now have 29/50 mp.
A crackling disc of dense vapour forms in the air!
The giant frog hits you but does no damage.
You now have 25/50 mp.
Aim: a giant frog The shard of ice hits the giant frog.
You kill the giant frog!
Vehumet accepts your kill.
You feel your power returning.
You feel your intelligence returning.
You now have 23/50 mp.
Aim: a yaktaur, wielding an arbalest (almost dead)
The shard of ice hits the yaktaur.
You kill the yaktaur!
Vehumet accepts your kill.
You feel your power returning.
You now have 21/50 mp.
You can't see any susceptible monsters within range! (Use Z to cast anyway.)
The yaktaur shoots a bolt.
The bolt misses you.
Aim: a yaktaur, wielding an arbalest and wearing a robe The shard of ice misses the yaktaur.
You now have 18/50 mp.
Aim: a yaktaur, wielding an arbalest and wearing a robe The shard of ice hits the yaktaur.
The yaktaur shoots a bolt.
The bolt hits you!
* * * LOW HITPOINT WARNING * * *
You take 15 damage, and have 17/72 hp.
MASSIVE DAMAGE!!
You now have 14/50 mp.
Aim: a yaktaur, wielding an arbalest and wearing a robe (severely wounded)
The shard of ice hits the yaktaur.
You kill the yaktaur!
Vehumet accepts your kill.
You feel your power returning.
You now have 13/50 mp.
The yaktaur shouts!
A centaur warrior comes into view.
The centaur warrior moves out of view.
You see here a bolt.
There is a stone staircase leading up here.
The yaktaur wields an arbalest.
The yaktaur shoots a bolt.
The bolt hits you!!
You die...

.c.c.....)...#...###)#
##########c####...#....
#...........##....#....
#...........##....'....
#...........##....#....
#......(....##....#....
#...........##....#..##
#....)(.....##....#..##
#.....@.....##....#....
##...######+#######....
#...##....... ######'#
#....#....... #.......
#....#........'.......
#....').......#.......
#....#........#.......
#....#...z....########
#....#.....z..........


You could see a yaktaur.

Vanquished Creatures
  An orc warlord (Orc:3)
  Nessos (D:12)
  A fire dragon (D:15)
  3 vault guards (D:14)
  Josephine (Lair:4)
  Fannar (Lair:3)
  Harold (Lair:3)
  5 hydras
  5 centaur warriors
  4 tengu warriors (D:14)
  A salamander stormcaller (D:15)
  A queen ant (Lair:2)
  Sonja (D:12)
  13 skeletal warriors
  11 spriggans (Lair:8)
  2 wizards (D:14)
  6 hill giants
  2 orc knights (D:14)
  An oklob plant (Lair:8)
  A cyclops (D:11)
  12 ugly things
  3 griffons
  4 black mambas
  Maurice (D:11)
  16 spiny frogs
  3 centaur skeletons
  7 yaktaurs
  A kobold demonologist (D:12)
  7 fire drakes
  A troll (D:15)
  5 wandering mushrooms
  8 komodo dragons
  2 spriggan druids
  A harpy skeleton (D:15)
  11 polar bears
  A boulder beetle (Lair:5)
  3 deep elf magi
  19 blink frogs
  7 ravens (D:14)
  3 shadows
  7 redbacks (Lair:8)
  3 fire bats (Lair:8)
  4 wraiths
  3 basilisks
  A human (D:14)
  9 hippogriffs
  5 wargs
  2 vampire mosquitoes (D:13)
  2 hungry ghosts
  A mottled dragon (D:14)
  79 yaks
  20 wolves (Lair:8)
  13 water moccasins
  7 porcupines
  5 soldier ants (Lair:2)
  8 spiders (Lair:6)
  3 sky beasts
  7 black bears
  5 necrophages (Lair:6)
  14 orc warriors
  7 ogres
  18 centaurs
  3 wasps
  4 ice beasts
  A boring beetle (Lair:5)
  A phantom (D:5)
  24 crocodiles
  20 giant frogs
  A big kobold (D:8)
  A wyvern zombie (D:10)
  6 scorpions
  A water moccasin skeleton (D:5)
  5 electric eels
  3 wights (D:15)
  2 oklob saplings (D:13)
  23 killer bees
  3 hounds
  2 centaur zombies
  19 orc wizards
  3 giant frog skeletons
  11 crimson imps
  3 jellies
  17 orc priests
  A quasit (D:14)
  6 gnoll shamans (D:4)
  5 iguanas
  13 worker ants
  2 killer bee zombies
  14 sheep
  A hound zombie (D:5)
  39 gnolls
  107 river rats
  15 adders
  3 shadow imps
  An adder skeleton (D:4)
  4 giant geckos
  132 orcs
  2 bat skeletons
  A bat zombie (D:6)
  5 giant cockroaches
  21 hobgoblins
  33 jackals
  24 kobolds
  2 ball pythons
  18 bats
  7 giant newts
  24 goblins
  A jackal skeleton (D:5)
  7 quokkas
  A quokka skeleton (D:4)
  A quokka zombie (D:7)
  24 rats
  18 ballistomycetes (D:12)
  A butterfly (Lair:3)
  2 fungi (Lair:8)
  A plant (Lair:5)
1089 creatures vanquished.

Vanquished Creatures (others)
  A giant spore (D:12)
  2 butterflies (D:4)
  21 fungi
  2 plants
26 creatures vanquished.

Grand Total: 1115 creatures vanquished

Notes
Turn   | Place    | Note
--------------------------------------------------------------
     0 | D:1      | drasked, the Deep Elf Ice Elementalist, began the quest for the Orb.
     0 | D:1      | Reached XP level 1. HP: 10/10 MP: 6/6
     2 | D:1      | Noticed a gargoyle
     4 | D:1      | Noticed an elf
     4 | D:1      | Noticed a merfolk
     6 | D:1      | Noticed a felid
     8 | D:1      | Noticed a spriggan
     8 | D:1      | Noticed a ghoul
    10 | D:1      | Noticed a tengu
    12 | D:1      | Noticed a minotaur
    12 | D:1      | Noticed a draconian
    14 | D:1      | Noticed a troll
    14 | D:1      | Noticed a human
    16 | D:1      | Noticed a demigod
    16 | D:1      | Noticed a vine stalker
    18 | D:1      | Noticed a naga
    18 | D:1      | Noticed a formicid
    20 | D:1      | Noticed an ogre
    20 | D:1      | Noticed a dwarf
    22 | D:1      | Noticed a demonspawn
    24 | D:1      | Noticed a centaur
    24 | D:1      | Noticed a vampire
    26 | D:1      | Noticed an octopode
   335 | D:1      | Reached XP level 2. HP: 15/15 MP: 5/8
   478 | D:1      | Reached skill level 4 in Ice Magic
   688 | D:1      | You fall through a shaft!
  1029 | D:2      | Reached XP level 3. HP: 19/19 MP: 8/10
  1034 | D:2      | Learned a level 3 spell: Ozocubu's Armour
  1293 | D:2      | Reached skill level 4 in Spellcasting
  1423 | D:2      | Found a stormy altar of Qazlal.
  1672 | D:3      | Reached XP level 4. HP: 20/24 MP: 7/12
  1686 | D:3      | Reached skill level 5 in Ice Magic
  1892 | D:3      | Reached skill level 5 in Spellcasting
  1892 | D:3      | Reached XP level 5. HP: 22/28 MP: 10/14
  1898 | D:3      | Learned a level 4 spell: Condensation Shield
  2108 | D:3      | Noticed drasked's ghost (average DEIE)
  2673 | D:3      | Found a glowing silver altar of Zin.
  2674 | D:3      | Found an opulent altar of Gozag.
  2741 | D:3      | Found a shimmering altar of Xom.
  2744 | D:3      | Reached skill level 2 in Charms
  2878 | D:3      | Found a glowing golden altar of the Shining One.
  2878 | D:3      | Found a white marble altar of Elyvilon.
  3136 | D:3      | Reached skill level 3 in Charms
  3182 | D:3      | Reached skill level 4 in Charms
  3241 | D:3      | Reached XP level 6. HP: 32/32 MP: 5/15
  3317 | D:4      | Got a scorched cloak
  3579 | D:4      | Reached skill level 5 in Charms
  3656 | D:4      | Reached skill level 3 in Dodging
  4226 | D:4      | Reached skill level 6 in Ice Magic
  4237 | D:4      | Reached XP level 7. HP: 29/36 MP: 2/16
  4250 | D:4      | Reached skill level 6 in Charms
  5018 | D:4      | Reached skill level 7 in Ice Magic
  5507 | D:4      | Reached skill level 6 in Spellcasting
  5787 | D:4      | Learned a level 4 spell: Throw Icicle
  5984 | D:4      | Reached skill level 2 in Conjurations
  6031 | D:4      | Reached skill level 3 in Conjurations
  6031 | D:4      | Reached XP level 8. HP: 41/41 MP: 3/19
  6263 | D:4      | Identified the +0 cloak of Geofaj {rPois MP+9 Int+4} (You found it on level 4 of the Dungeon)
  6732 | D:5      | Entered Level 5 of the Dungeon
  6738 | D:5      | Reached skill level 4 in Conjurations
  7020 | D:5      | Reached skill level 5 in Conjurations
  7206 | D:5      | Found a bloodstained altar of Trog.
  7207 | D:5      | Found an iron altar of Okawaru.
  7279 | D:5      | Reached skill level 6 in Conjurations
  7299 | D:5      | HP: 6/41 [killer bee zombie (6)]
  7304 | D:5      | HP: 3/41 [killer bee zombie (3)]
  7596 | D:5      | Found a burning altar of Makhleb.
  8098 | D:6      | Noticed an eight-headed hydra
  8118 | D:5      | Reached skill level 4 in Dodging
  8118 | D:5      | Reached skill level 7 in Conjurations
  8301 | D:6      | Reached XP level 9. HP: 43/45 MP: 6/20
  8365 | D:6      | Reached skill level 5 in Dodging
  8365 | D:6      | Reached skill level 8 in Conjurations
  9087 | D:6      | Reached skill level 9 in Conjurations
  9170 | D:6      | HP: 9/45 [eight-headed hydra (14)]
 10219 | D:7      | Reached skill level 10 in Conjurations
 10388 | D:7      | Found a shattered altar of Ashenzari.
 10595 | D:7      | Found a staircase to the Ecumenical Temple.
 10609 | Temple   | Entered the Ecumenical Temple
 10647 | Temple   | Became a worshipper of Vehumet
 10866 | D:7      | Reached skill level 7 in Charms
 11258 | D:8      | Found a blossoming altar of Fedhas.
 11259 | D:8      | Found an ancient bone altar of Kikubaaqudgha.
 11278 | D:8      | Found a staircase to the Lair.
 11299 | D:8      | Reached skill level 7 in Spellcasting
 11299 | D:8      | Reached skill level 8 in Charms
 11306 | D:8      | Noticed a centaur skeleton
 11310 | D:8      | Killed a centaur skeleton
 11311 | D:8      | Reached XP level 10. HP: 50/50 MP: 8/22
 11438 | D:8      | Reached skill level 9 in Charms
 11629 | D:8      | Acquired Vehumet's first power
 11629 | D:8      | Offered knowledge of Magic Dart by Vehumet.
 11637 | D:8      | Learned a level 6 spell: Haste
 11699 | D:8      | Found a sacrificial altar of Ru.
 12134 | D:9      | Reached skill level 10 in Charms
 12158 | D:9      | Reached skill level 8 in Spellcasting
 12530 | D:9      | Reached skill level 11 in Charms
 12965 | D:9      | Found a shadowy altar of Dithmenos.
 12999 | D:10     | Entered Level 10 of the Dungeon
 13081 | Lair:1   | Entered Level 1 of the Lair of Beasts
 13161 | Lair:1   | Reached skill level 9 in Spellcasting
 13161 | Lair:1   | Reached skill level 12 in Charms
 13243 | Lair:1   | Got a faintly glowing rapier
 13244 | Lair:1   | Identified the +7 rapier of Qazlal's Approval {speed, Str+7 Int+5} (You found it on level 1 of the Lair of Beasts)
 13407 | Lair:1   | Offered knowledge of Flame Tongue by Vehumet.
 13732 | Lair:1   | Reached skill level 13 in Charms
 14092 | Lair:1   | Reached XP level 11. HP: 54/54 MP: 26/26
 14195 | Lair:1   | Reached skill level 10 in Spellcasting
 14484 | Lair:2   | Reached skill level 8 in Ice Magic
 14698 | Lair:2   | Reached skill level 6 in Dodging
 14745 | Lair:2   | Offered knowledge of Inner Flame by Vehumet.
 14829 | Lair:2   | HP: 10/54 [yak (9)]
 15009 | Lair:2   | Reached skill level 7 in Dodging
 15118 | Lair:2   | Reached skill level 9 in Ice Magic
 15253 | Lair:2   | Acquired Vehumet's second power
 15329 | Lair:2   | Noticed a queen ant
 15331 | Lair:2   | Killed a queen ant
 15331 | Lair:2   | Reached skill level 8 in Dodging
 15616 | Lair:2   | Offered knowledge of Fulminant Prism by Vehumet.
 15753 | Lair:2   | Reached skill level 9 in Dodging
 15757 | Lair:2   | Reached skill level 10 in Ice Magic
 16217 | Lair:3   | Acquired Vehumet's third power
 16439 | Lair:3   | Reached XP level 12. HP: 51/59 MP: 28/28
 16742 | Lair:3   | Offered knowledge of Sticky Flame by Vehumet.
 16812 | Lair:3   | Noticed Fannar
 16818 | Lair:3   | Killed Fannar
 16818 | Lair:3   | Reached skill level 10 in Dodging
 16818 | Lair:3   | Reached skill level 11 in Ice Magic
 16988 | Lair:3   | Noticed Harold
 16995 | Lair:3   | HP: 8/59 [Harold/bolt of fire (51)]
 17654 | Lair:3   | Killed Harold
 17654 | Lair:3   | Reached skill level 12 in Ice Magic
 18140 | Lair:4   | Noticed Rupert
 18443 | Lair:4   | Noticed Josephine
 18446 | Lair:4   | Killed Josephine
 18446 | Lair:4   | Reached skill level 13 in Ice Magic
 18743 | Lair:4   | Learned a level 6 spell: Deflect Missiles
 19199 | Lair:4   | Offered knowledge of Airstrike by Vehumet.
 19334 | Lair:5   | Found a staircase to the Shoals.
 19453 | Lair:5   | Reached skill level 14 in Ice Magic
 20361 | Lair:5   | Noticed a six-headed hydra
 20366 | Lair:5   | Killed a six-headed hydra
 20801 | Lair:6   | Reached XP level 13. HP: 63/63 MP: 29/29
 21119 | Lair:6   | Reached skill level 15 in Ice Magic
 21240 | Lair:6   | Found a viscous altar of Jiyva.
 21240 | Lair:6   | Found a staircase to the Slime Pits.
 21465 | Lair:6   | Found a hole to the Spider Nest.
 21893 | Lair:6   | Offered knowledge of Ozocubu's Refrigeration by Vehumet.
 22461 | Lair:7   | Reached skill level 16 in Ice Magic
 22841 | Lair:7   | Got a fabulously ornate robe
 23484 | Lair:7   | Identified the cursed +0 robe of the Ant {MR+ Dex+4} (You found it on level 7 of the Lair of Beasts)
 23513 | Lair:8   | Entered Level 8 of the Lair of Beasts
 23578 | Lair:8   | Found a dark tunnel.
 23652 | Volcano  | Entered a volcano
 23688 | Volcano  | Reached skill level 17 in Ice Magic
 24370 | Lair:8   | HP: 13/63 [acid (10)]
 24393 | Lair:8   | Offered knowledge of Spellforged Servitor by Vehumet.
 24690 | Lair:8   | Reached skill level 18 in Ice Magic
 24919 | Lair:8   | Reached XP level 14. HP: 68/68 MP: 30/30
 25627 | Lair:8   | Reached skill level 11 in Conjurations
 26079 | Lair:8   | Reached skill level 14 in Charms
 27054 | D:10     | Reached skill level 11 in Spellcasting
 27057 | D:10     | Noticed a hill giant
 27062 | D:10     | Killed a hill giant
 27900 | D:11     | Noticed Maurice
 27936 | D:11     | Killed Maurice
 27936 | D:11     | Reached skill level 12 in Conjurations
 28625 | D:11     | Found a staircase to the Orcish Mines.
 29251 | Orc:1    | Entered Level 1 of the Orcish Mines
 30709 | Orc:3    | Noticed an orc warlord
 30744 | Orc:3    | Killed an orc warlord
 30744 | Orc:3    | Reached skill level 15 in Charms
 31157 | Orc:3    | Offered knowledge of Bolt of Cold by Vehumet.
 31607 | Orc:3    | Noticed an orc warlord
 31647 | Orc:1    | Learned a level 6 spell: Bolt of Cold
 31658 | Orc:1    | Upgraded the game from 0.17-a0-913-g36eb389 to 0.17-a0-915-g8914353
 32322 | D:12     | Reached skill level 1 in Evocations
 32433 | D:12     | Noticed Sonja
 32443 | D:12     | Killed Sonja
 32443 | D:12     | Reached skill level 2 in Evocations
 32501 | D:12     | Noticed Nessos
 32510 | D:12     | Killed Nessos
 32510 | D:12     | Reached skill level 3 in Evocations
 33305 | D:13     | Reached skill level 4 in Evocations
 33492 | D:13     | Reached skill level 5 in Evocations
 33945 | D:13     | Reached XP level 15. HP: 72/72 MP: 17/32
 34123 | D:13     | Reached skill level 6 in Evocations
 34265 | D:13     | Found a blossoming altar of Fedhas.
 34568 | D:14     | Reached skill level 7 in Evocations
 34905 | D:14     | Found an iron altar of Okawaru.
 34963 | D:14     | Found Qiacuotu's General Store.
 35000 | D:14     | Offered knowledge of Freezing Cloud by Vehumet.
 35013 | D:14     | Reached skill level 8 in Evocations
 35135 | D:14     | Found Toiximno's Assorted Antiques.
 35285 | D:14     | Reached skill level 9 in Evocations
 35419 | D:14     | Found Causot's Magic Scroll Shoppe.
 35541 | D:14     | Found Desti's Armour Boutique.
 35923 | D:14     | Found a gate to the Vaults.
 35948 | D:14     | Learned a level 6 spell: Freezing Cloud
 36393 | D:15     | Entered Level 15 of the Dungeon
 36428 | D:15     | Reached skill level 10 in Evocations
 36714 | D:15     | HP: 13/72 [yaktaur/bolt (11)]
 37807 | D:15     | Reached skill level 11 in Evocations
 38639 | D:15     | Reached skill level 12 in Evocations
 39027 | D:15     | HP: 17/72 [yaktaur/bolt (15)]
 39032 | D:15     | Shot with a bolt by a yaktaur

Action                   |  1- 3 |  4- 6 |  7- 9 | 10-12 | 13-15 || total
-------------------------+-------+-------+-------+-------+-------++-------
Melee: Club              |     3 |    35 |   111 |       |       ||   149
       Hand axe          |       |       |    12 |       |       ||    12
       Short sword       |       |       |     4 |       |       ||     4
       Whip              |       |       |       |    17 |       ||    17
       Rapier            |       |       |       |   129 |   143 ||   272
 Cast: Freeze            |    64 |   106 |   302 |    31 |     4 ||   507
       Ozocubu's Armour  |     4 |    15 |    49 |    24 |    49 ||   141
       Condensation Shie |       |    10 |    11 |     3 |    22 ||    46
       Throw Icicle      |       |       |    67 |   368 |   977 ||  1412
       Haste             |       |       |       |    18 |    34 ||    52
       Bolt of Cold      |       |       |       |       |    29 ||    29
       Freezing Cloud    |       |       |       |       |     9 ||     9
Evoke: Wand              |       |       |     1 |       |       ||     1
       Crystal ball of e |       |       |       |       |     8 ||     8
  Use: Scroll            |       |       |    17 |    10 |     8 ||    35
       Potion            |       |       |     1 |       |     1 ||     2
  Eat: Chunk             |     2 |     4 |    28 |    33 |    49 ||   116
       Bread ration      |       |     1 |       |       |       ||     1
       Fruit             |       |     2 |       |     1 |     9 ||    12
       Royal jelly       |       |       |       |     1 |     1 ||     2
       Pizza             |       |       |       |     2 |     3 ||     5
       Beef jerky        |       |       |       |       |     6 ||     6

Vault maps used:
D:1:      kb_arrival_jail, roderic_chinese_pattern_swastika,
          serial_bayou_lagoon_a
D:2:      first_bread, grunt_qazlal_clouds
D:3:      grunt_temple_overflow_gold_and_silver, led_xom_imps,
          gammafunk_temple_overflow_wave, st_stairs_5
D:4:      lemuel_castle_with_subvaults
D:5:      grunt_temple_overflow_bloody_war, kb_lookout_dungeons_type,
          makhleb_blood_cavern_becter
D:7:      kennysheep_mini, temple_hall, patterned_corridor
D:8:      grunt_temple_overflow_growth_and_decay, nicolae_ru_awakened_eye,
          lair_0_dummy
D:9:      kennysheep_little_box
D:10:     serial_column_ruins, column_ruins_square_medium, column_ruins_hut,
          column_ruins_grid_2, column_ruins_columns_dead_end,
          column_ruins_columns_straight
D:11:     minmay_orc_entry_guard_dogs, uniq_maurice
D:12:     serial_co_window_serial, co_window_corner_a, co_window_paths_a,
          co_window_paths_a, co_window_paths_b, co_window_paths_b,
          co_window_broadway_c, co_window_corner_ca, co_window_cross_4,
          co_window_paths_c, co_window_corner_ca, co_window_corner_b,
          co_window_paths_c, co_window_4corner_a, glass_columns_c,
          glass_columns_b, uniq_sonja, uniq_nessos
D:13:     hangedman_tree_tricks
D:14:     grunt_vaults_entry_fortified, basic_altar, serial_shops, shop_statue,
          shop, nicolae_shop_crystal, shop_fountains,
          hangedman_abyss_or_decor_stagger
D:15:     grunt_enter_depths_hoard, dk_noncrumbling_2
Temple:   corrupted_temple
Lair:1:   serial_bayou_lagoon_b, lemuel_fruit_tree
Lair:2:   wad_woods_antlair
Lair:3:   lemuel_fruit_fields, grunt_megastairs_3, lemuel_fruit_fields,
          uniq_fannar, uniq_harold
Lair:4:   kilobyte_rumbling_trees, uniq_rupert, uniq_josephine
Lair:5:   shoals_dummy_entry
Lair:6:   spider_nest_entry_a, dpeg_slime_entry_enclosed_altar,
          roderic_carrion_pond
Lair:7:   roderic_lost_polar_bear, grunt_megastairs_2
Lair:8:   minmay_lair_end_enchanted_forest, nicolae_volcano_entry_batcave
Orc:1:    serial_shops, shop_fountains
Orc:2:    serial_shops, nicolae_shop_scaring_up_business
Orc:3:    serial_shops, nicolae_orc_pool_cavern
Volcano:  volcano_pools

Table legend:
 A = Turns spent in this place as a percentage of turns spent in the entire game.
 B = Non-inter-level travel turns spent in this place as a percentage of non-inter-level travel turns spent in the entire game.
 C = Inter-level travel turns spent in this place as a percentage of turns spent in this place.
 D = Turns resting spent in this place as a percentage of non-inter-level travel turns spent in this place.
 E = Turns spent auto-exploring this place as a percentage of non-inter-level travel turns spent in this place.
 F = Non-inter-level travel turns spent in this place divided by the number of levels of this place that you've seen.
                   A       B       C       D       E      F
               +-------+-------+-------+-------+-------+----------------------
         Total | 100.0 | 100.0 |   0.8 |   6.7 |   7.8 | 460.3
       Dungeon |  60.1 |  60.1 |   0.8 |   6.6 |   7.9 | 516.2
        Temple |   0.2 |   0.2 |   3.3 |   0.0 |  27.6 |  29.0
          Lair |  31.2 |  31.2 |   0.8 |   6.5 |   7.2 | 502.4
  Orcish Mines |   7.1 |   7.1 |   0.9 |   7.9 |  10.7 | 306.7
       Volcano |   1.4 |   1.4 |   0.0 |  14.6 |   0.0 | 178.0
               +-------+-------+-------+-------+-------+----------------------

Table legend:
 A = Kills in this place as a percentage of kills in entire the game.
 B = Kills by you in this place as a percentage of kills by you in the entire game.
 C = Kills by friends in this place as a percentage of kills by friends in the entire game.
 D = Other kills in this place as a percentage of other kills in the entire game.
 E = Experience gained in this place as a percentage of experience gained in the entire game.
 F = Experience gained in this place divided by the number of levels of this place that you have seen.
                   A       B       C       D       E      F
               +-------+-------+-------+-------+-------+----------------------
         Total | 100.0 | 100.0 |  -nan |  -nan | 100.0 | 5054.0
       Dungeon |  50.0 |  50.0 |  -nan |  -nan |  47.9 | 4514.5
          Lair |  37.6 |  37.6 |  -nan |  -nan |  47.5 | 8402.2
  Orcish Mines |  11.8 |  11.8 |  -nan |  -nan |   3.0 | 1404.3
       Volcano |   0.7 |   0.7 |  -nan |  -nan |   1.7 | 2365.0
               +-------+-------+-------+-------+-------+----------------------
